 Dungeon Crawl Stone Soup version 0.17-a0-1533-g2f57bce (webtiles) character file.

313 urechis the Skirmisher (level 6, -2/49 HPs)
             Began as a Demonspawn Berserker on July 16, 2015.
             Was a Priest of Trog.
             Slain by a phantom (4 damage)
             ... on level 4 of the Dungeon.
             The game lasted 00:06:48 (3445 turns).

urechis the Skirmisher (Demonspawn Berserker)       Turns: 3445, Time: 00:06:48

Health: -2/49      AC:  6    Str: 17    XL:     6   Next: 19%
Magic:  0/6        EV: 12    Int:  8    God:    Trog [***...]
Gold:   131        SH:  0    Dex: 15    Spells: 0 memorised, 5 levels left

rFire  . . .     SeeInvis .     a - +0 falchion
rCold  . . .     Clarity  .     r - +0 ring mail
rNeg   . . .     SustAt   .     (no shield)
rPois  .         Gourm    .     q - +0 helmet
rElec  .         Spirit   +     (no cloak)
rCorr  .         Warding  .     (no gloves)
rMut   .         Stasis   .     (no boots)
MR     .....                    (no amulet)
Stlth  +.........               (no ring)
                                (no ring)

@: exhausted, not resistant to hostile enchantments, very unstealthy
A: talons 1, powered by pain 1, magic shield
a: Burn Spellbooks, Berserk, Trog's Hand, Renounce Religion


You were on level 4 of the Dungeon.
You worshipped Trog.
Trog was most pleased with you.
You were very hungry.

You visited 1 branch of the dungeon, and saw 4 of its levels.

You collected 131 gold pieces.

Inventory:

Hand weapons
 a - a +0 falchion (weapon)
Armour
 q - a +0 helmet (worn)
 r - a +0 ring mail (worn)
Jewellery
 p - a cursed ring of loudness {unknown}
Scrolls
 e - a scroll of remove curse {unknown}
 g - 5 scrolls of identify {unknown}
 l - 3 scrolls of teleportation {unknown}
 m - 2 scrolls of noise {unknown}
 s - 2 scrolls of magic mapping {unknown}
 w - a scroll of fog {unknown}
 x - a scroll of enchant armour {unknown}
Potions
 b - a potion of degeneration {unknown}
 d - a potion of resistance {unknown}
 h - a potion of beneficial mutation {unknown}
 i - 2 potions of heal wounds {unknown}
 j - 4 potions of flight {unknown}
 n - a potion of brilliance {unknown}
 o - 2 potions of curing {unknown}
 t - a potion of agility {unknown}
Comestibles
 c - 4 bread rations
 f - 9 fruits
 k - a meat ration
 u - a slice of pizza
 v - a beef jerky


   Skills:
 + Level 4.4 Fighting
 + Level 3.5 Long Blades
 + Level 3.0 Armour
 + Level 3.8 Dodging
 - Level 0.2 Stealth


You had 5 spell levels left.
You didn't know any spells.

Dungeon Overview and Level Annotations

Branches:
Dungeon (4/15)
 Temple: D:4-7

Altars:
Okawaru
Xom


Innate Abilities, Weirdness & Mutations

You have sharp toenails.
You sometimes gain a little power by taking damage.
When hurt, damage is shared between your health and your magic reserves.


Message History

You are no longer berserk.
Trog's vigour flows through your veins.
You are exhausted.
You feel yourself slow down.
You are feeling very hungry.
The phantom misses you. The phantom hits you!
* * * LOW HITPOINT WARNING * * *
The phantom blinks!
The phantom blinks!
The phantom hits you but does no damage.
You closely miss the phantom.
The phantom is severely damaged.
The phantom misses you. The phantom hits you.
* * * LOW HITPOINT WARNING * * *
The phantom blinks!
You hit the phantom.
The phantom is severely damaged.
You feel yourself speed up. The phantom hits you.
You die...

.####################<#
.........>........†...#
######.###############
#.# #.# ####)####
#...#...# #####.##)##W#
#........##@#
##.#.#.##.##.#
#.........##.#
#..#.#.#..##.#
#......#<.##.# #
#.##.#.#..##.# #.
#.##<#.#..##.#
#.###.##.#.......#
#.............####


You could see a phantom.

Vanquished Creatures
  2 orc priests
  4 orc wizards
  Robin (D:2)
  5 adders
  An ooze (D:3)
  3 worms
  A giant gecko (D:3)
  10 orcs (D:3)
  7 bats
  8 hobgoblins
  8 jackals
  7 kobolds
  A ball python (D:2)
  4 giant cockroaches
  3 giant newts
  11 goblins
  12 rats
88 creatures vanquished.

Notes
Turn   | Place    | Note
--------------------------------------------------------------
     0 | D:1      | urechis the Demonspawn Berserker began the quest for the Orb.
     0 | D:1      | Reached XP level 1. HP: 18/18 MP: 1/1
   454 | D:1      | Gained mutation: You sometimes gain a little power by taking damage. [demonic ancestry]
   454 | D:1      | Reached XP level 2. HP: 14/24 MP: 2/2
   758 | D:2      | Acquired Trog's second power
   916 | D:2      | Noticed Robin
   922 | D:2      | Killed Robin
   922 | D:2      | Reached XP level 3. HP: 29/29 MP: 3/3
  1228 | D:2      | Gained mutation: You have sharp toenails. [demonic ancestry]
  1228 | D:2      | Reached XP level 4. HP: 26/37 MP: 4/4
  1608 | D:2      | Found an iron altar of Okawaru.
  1611 | D:2      | Found a shimmering altar of Xom.
  1841 | D:3      | Reached skill level 4 in Fighting
  1841 | D:3      | Reached XP level 5. HP: 12/42 MP: 5/5
  3124 | D:4      | Gained mutation: When hurt, damage is shared between your health and your magic reserves. [demonic ancestry]
  3124 | D:4      | Reached XP level 6. HP: 17/49 MP: 6/6
  3348 | D:4      | Noticed a phantom
  3443 | D:4      | HP: 1/49 [phantom (4)]
  3445 | D:4      | Slain by a phantom

Vault maps used:
D:1:      dpeg_arrival_rhombus, minmay_unequal
D:2:      nicolae_overflow_hidden_temple, uniq_robin
D:4:      nicolae_overflow_crystal_walls, kennysheep_generic_room_7

Action                   |  1- 3 |  4- 6 || total
-------------------------+-------+-------++-------
Melee: Falchion          |   126 |   234 ||   360
Invok: Berserk           |     3 |     4 ||     7
       Trog's Hand       |       |     1 ||     1
 Stab: Sleeping          |     1 |       ||     1
  Eat: Chunk             |     3 |    11 ||    14
       Fruit             |       |     1 ||     1
